 Dungeon Crawl Stone Soup version 0.23-a0-189-gc87c613 (webtiles) character file.

7449 Felrender the Blocker (level 10, -3/84 HPs)
             Began as a Minotaur Fighter on Sept 24, 2018.
             Was a Believer of Trog.
             Slain by a six-headed hydra (10 damage)
             ... on level 10 of the Dungeon.
             The game lasted 00:21:46 (7563 turns).

Felrender the Blocker (Minotaur Fighter)            Turns: 7563, Time: 00:21:48

Health: -3/84      AC: 17    Str: 24    XL:     10   Next: 93%
Magic:  9/9        EV:  7    Int:  5    God:    Trog [**....]
Gold:   272        SH:  0    Dex: 10    Spells: 9/9 levels left

rFire    + . .     SeeInvis .   t - +4 morningstar
rCold    . . .     Gourm    .   e - +2 large shield
rNeg     . . .     Faith    .   z - +2 chain mail {rF+}
rPois    .         Spirit   .   (helmet restricted)
rElec    .         Reflect  .   y - +0 cloak
rCorr    .         Harm     .   m - +1 pair of gloves (curse)
MR       .....                  B - +0 pair of boots
Stlth    ..........             h - amulet of regeneration
HPRegen  0.64/turn              (no ring)
MPRegen  0.11/turn              (no ring)

@: confused, drained
A: retaliatory headbutt, horns 2
a: Berserk, Trog's Hand, Renounce Religion


You were on level 10 of the Dungeon.
You worshipped Trog.
Trog was pleased with you.
You were not hungry.

You visited 2 branches of the dungeon, and saw 11 of its levels.

You collected 474 gold pieces.
You spent 202 gold pieces at shops.

Inventory:

Hand Weapons
 a - a +2 long sword
 g - a cursed +5 battleaxe
 i - a +2 quarterstaff of holy wrath
 j - a cursed +1 flail
 n - a +4 scimitar
 p - a +3 war axe
 r - a cursed -2 quarterstaff
 s - the +8 shortbow of Terror {freeze, *Contam rF+ Dex+5 Stlth+}
   (You found it on level 6 of the Dungeon)

   It causes projectiles fired from it to freeze those they strike, causing
   extra injury to most foes and up to half again as much damage against
   particularly susceptible opponents.
   They can also slow down cold-blooded creatures.
   It affects your dexterity (+5).
   It protects you from fire.
   It causes magical contamination when unequipped.
   It makes you more stealthy.
 t - a +4 morningstar (weapon)
 u - a +3 hand axe
 v - a +4 scythe
 I - the +1 halberd of Lareysew {holy, rElec}
   (You found it on level 8 of the Dungeon)

   It has been blessed by the Shining One to cause great damage to the undead
   and demons.
   It insulates you from electricity.
Armour
 e - a +2 large shield (worn)
 m - a cursed +1 pair of gloves (worn)
 y - a +0 cloak (worn)
 z - a +2 chain mail of fire resistance (worn)
 B - a +0 pair of boots (worn)
 E - a +0 plate armour
Magical Staves
 x - an uncursed staff of wizardry
 H - a cursed staff of earth {unknown}
Jewellery
 b - an uncursed ring of positive energy {unknown}
 h - an amulet of regeneration (around neck)
 D - a cursed ring of attention {unknown}
Wands
 c - a wand of flame (43)
 l - a wand of polymorph (30)
 w - a wand of digging (7)
 A - a wand of acid (5)
 F - a wand of disintegration (13)
Scrolls
 k - 6 scrolls of remove curse
 q - 4 scrolls of blinking
Potions
 d - 2 potions of brilliance
 o - a potion of ambrosia
 G - a potion of haste {unknown}
Comestibles
 f - 12 rations
 C - 10 chunks of flesh


   Skills:
 + Level 6.6(6.2) Fighting
 + Level 10.4(9.9) Long Blades
 + Level 7.1(6.7) Armour
 + Level 3.0(2.6) Dodging
 + Level 0.3(0.0) Stealth
 * Level 14.5(14.1) Shields


You had 9 spell levels left.
You didn't know any spells.
Your spell library contained the following spells:

 Spells                   Type           Power        Failure   Level  Hunger
 Animate Skeleton         Necr           N/A          100%        1    ##.....
 Apportation              Tloc           #.....       100%        1    ##.....
 Confusing Touch          Hex            #.....       100%        1    ##.....
 Summon Small Mammal      Summ           #...         100%        1    ##.....


Dungeon Overview and Level Annotations

Branches:
Dungeon (10/15)            Temple (1/1) D:6            Lair (0/6) D:8
    Orc: D:9-12

Altars:
Ashenzari
Cheibriados
Dithmenos
Elyvilon
Fedhas
Gozag
Hepliaklqana
Kikubaaqudgha
Makhleb
Nemelex Xobeh
Okawaru
Qazlal
Ru
Sif Muna
Trog
Uskayaw
Vehumet
Wu Jian
Xom
Yredelemnul
Zin
The Shining One

Shops:
D:7 [


Innate Abilities, Weirdness & Mutations

You reflexively headbutt those who attack you in melee.
You have a pair of horns on your head.


Message History

The six-headed hydra is moderately wounded.
The six-headed hydra bites you!
* * * LOW HITPOINT WARNING * * *
You block the six-headed hydra's attack. x2
The six-headed hydra bites you but does no damage. x3
An orc comes into view. It is wielding a trident.
The six-headed hydra bites you!
* * * LOW HITPOINT WARNING * * *
You block the six-headed hydra's attack. x2
The six-headed hydra bites you.
* * * LOW HITPOINT WARNING * * *
The six-headed hydra bites you but does no damage. x2
You are confused.
You feel invigorated.
The orc shouts!
The orc throws a stone.
The stone barely misses you. The six-headed hydra bites you!
* * * LOW HITPOINT WARNING * * *
The six-headed hydra bites you!
You die...

#.....#........ ......
#.....#........ ......
#.....#........ .....
#.....#.....>.. ....
#.....#........ . #..
#####.##..###..
...###'###..##.###'###..
.......(#{..............
.......@Da..............
........#...............
........#...............
..##...##...##.##..###..
. #..o #...##'##..# #..
..... .............#..
.....(.............. ..
................. .
####..##..##


You could see a six-headed hydra, a worker ant and an orc.

Vanquished Creatures
  The ghost of strifetoe the Basher, a journeyman OpFi of Sif Muna (D:9)
  Joseph (D:7)
  A hornet (D:8)
  Prince Ribbit (D:7)
  A hippogriff (D:7)
  A wyvern (D:8)
  Sigmund (D:6)
  4 wraiths (D:9)
  10 yaks
  Menkaure (D:6)
  A porcupine (D:8)
  2 sky beasts
  An ice beast (D:8)
  4 orc warriors
  A necrophage (D:8)
  2 ogres
  2 centaurs
  A big kobold (D:8)
  7 bullfrogs
  3 scorpions
  19 wights
  2 crimson imps
  4 hounds
  2 jellies
  A bullfrog skeleton (D:7)
  An orc priest (D:7)
  3 orc wizards
  An iguana (D:8)
  8 worker ants
  Robin (D:2)
  11 adders
  3 oozes
  An adder skeleton (D:8)
  2 worms (D:2)
  A dart slug (D:1)
  8 leopard geckos
  16 orcs
  9 giant cockroaches
  19 goblins
  15 hobgoblins
  2 quokkas (D:10)
  2 ball pythons
  7 bats
  9 frilled lizards
  10 kobolds
  A leopard gecko skeleton (D:5)
  2 quokka zombies (D:6)
  12 rats
  A plant (D:5)
219 creatures vanquished.

Notes
Turn   | Place    | Note
-------+----------+-------------------------------------------
     0 | D:1      | Felrender the Minotaur Fighter began the quest for the Orb.
     0 | D:1      | Reached XP level 1. HP: 19/19 MP: 0/0
    80 | D:1      | Reached XP level 2. HP: 27/27 MP: 1/1
   342 | D:1      | Reached skill level 4 in Shields
   544 | D:2      | Reached XP level 3. HP: 19/33 MP: 2/2
   743 | D:2      | Noticed Robin
   778 | D:2      | Killed Robin
   850 | D:2      | Found a glowing golden altar of the Shining One.
   975 | D:2      | Reached XP level 4. HP: 40/40 MP: 3/3
  1184 | D:2      | Reached skill level 5 in Shields
  2131 | D:3      | Reached XP level 5. HP: 46/46 MP: 4/4
  2559 | D:4      | Reached skill level 5 in Long Blades
  2803 | D:4      | Noticed an ogre
  2816 | D:4      | Killed an ogre
  2816 | D:4      | Reached XP level 6. HP: 52/52 MP: 5/5
  2910 | D:4      | Reached skill level 6 in Shields
  3322 | D:5      | Entered Level 5 of the Dungeon
  3430 | D:5      | Reached skill level 5 in Armour
  3430 | D:5      | Reached XP level 7. HP: 59/59 MP: 6/6
  3440 | D:5      | Reached skill level 7 in Shields
  3550 | D:5      | Got a heavily runed leather armour
  3967 | D:6      | Reached skill level 8 in Shields
  3977 | D:6      | Reached skill level 1 in Dodging
  3993 | D:6      | Reached XP level 8. HP: 64/67 MP: 7/7
  4124 | D:6      | Noticed Menkaure
  4129 | D:6      | Killed Menkaure
  4129 | D:6      | Reached skill level 9 in Shields
  4148 | D:6      | Got a smoking shortbow
  4164 | D:6      | Noticed Sigmund
  4178 | D:6      | Killed Sigmund
  4178 | D:6      | Reached skill level 10 in Shields
  4341 | D:6      | Found a staircase to the Ecumenical Temple.
  4376 | Temple   | Entered the Ecumenical Temple
  4699 | Temple   | Became a worshipper of Trog the Wrathful
  5149 | D:6      | Found a blossoming altar of Fedhas.
  5149 | D:6      | Found an iron altar of Okawaru.
  5283 | D:7      | Noticed a hippogriff
  5301 | D:7      | Reached skill level 5 in Fighting
  5301 | D:7      | Reached skill level 11 in Shields
  5301 | D:7      | Reached XP level 9. HP: 74/74 MP: 8/8
  5369 | D:7      | Found Laifoyt's Antique Armour Boutique.
  5395 | D:7      | Bought a glowing chain mail for 202 gold pieces
  5415 | D:7      | Noticed Joseph
  5429 | D:7      | Killed Joseph
  5429 | D:7      | Reached skill level 12 in Shields
  5483 | D:7      | Reached * piety under Trog
  5529 | D:7      | Identified the +8 shortbow of Terror {freeze, *Contam rF+
                  | Dex+5 Stlth+} (You found it on level 6 of the Dungeon)
  5547 | D:7      | Noticed Prince Ribbit
  5793 | D:7      | Killed Prince Ribbit
  6059 | D:8      | Reached XP level 10. HP: 73/83 MP: 9/9
  6412 | D:8      | Paralysed by a hornet for 2 turns
  6424 | D:8      | Reached skill level 13 in Shields
  6454 | D:8      | Found a hazy altar of Hepliaklqana.
  6596 | D:8      | Found a staircase to the Lair.
  6684 | D:8      | Got a twisted halberd
  6817 | D:9      | Found a runed gate.
  6817 | D:9      | Found a runed gate.
  6817 | D:9      | Found a runed gate.
  6817 | D:9      | Noticed strifetoe's ghost (journeyman OpFi)
  6856 | D:9      | Reached skill level 10 in Long Blades
  6880 | D:9      | Killed strifetoe's ghost
  6898 | D:9      | Reached ** piety under Trog
  6898 | D:9      | Reached skill level 14 in Shields
  7194 | D:9      | Noticed a two-headed ogre
  7225 | D:10     | Entered Level 10 of the Dungeon
  7319 | D:10     | Identified the +1 halberd of Lareysew {holy, rElec} (You
                  | found it on level 8 of the Dungeon)
  7546 | D:10     | Noticed a six-headed hydra
  7563 | D:10     | Slain by a six-headed hydra

Vault maps used:
D:1:      lightli_arrival_flooded_house
D:2:      lemuel_crystal_altar, uniq_robin
D:5:      first_ration, kennysheep_boxes
D:6:      gammafunk_temple_overflow_wave, minmay_temple_entry_statues_pillars,
          uniq_menkaure, uniq_sigmund
D:7:      serial_shops, shop, uniq_prince_ribbit1, uniq_joseph
D:8:      nicolae_overflow_hidden_temple, grunt_lair_entry_orc_guard_hut
D:9:      david_orc_3, basic_altar, gammafunk_ghost_spectres, grunt_livestock
Temple:   dpeg_five_rooms_temple

Skill      XL: |  1  2  3  4  5  6  7  8  9 10 |
---------------+-------------------------------+-----
Armour         | 4 5 6 7 |  7.1
Shields        | 4 5 6 8 11 12 14 | 14.5
Long Blades    | 3 4 5 6 7 9 10 | 10.4
Fighting       | 4 5 6 |  6.6
Dodging        | 1 2 3 |  3.0
Stealth        | |  0.3

Action                   |  1- 3 |  4- 6 |  7- 9 | 10-12 || total
-------------------------+-------+-------+-------+-------++-------
Melee: Long sword        |   124 |   216 |   285 |   285 ||   910
       Headbutt          |    19 |    27 |    69 |    56 ||   171
       Morningstar       |       |       |       |     6 ||     6
  Use: Scroll            |     3 |     7 |    10 |     1 ||    21
       Potion            |     1 |       |     1 |     6 ||     8
  Eat: Chunk             |     1 |     8 |     5 |     1 ||    15
       Ration            |       |       |     1 |     2 ||     3
Armor: Scale mail        |     7 |       |       |       ||     7
       Chain mail        |    33 |    64 |    63 |    75 ||   235
       Skin              |       |       |       |    14 ||    14
Dodge: Dodged            |    16 |    19 |    36 |    30 ||   101
Block: Large shield      |   121 |   177 |   243 |   312 ||   853
       Shield            |     1 |       |       |       ||     1
       Rpst.: Long sword |     7 |     3 |    10 |     5 ||    25

Table legend:
 A = Non-vault XP
 B = Vault XP
 C = Vault XP percentage of total XP
 D = Non-vault monster count
 E = Vault monster count
 F = Vault count percentage of total count
                 A         B        C        D         E       F
            +---------+---------+-------+---------+---------+-------
      Total |    6925 |    3717 |  34.9 |     190 |      28 |  12.8
            +---------+---------+-------+---------+---------+-------
        D:1 |      35 |       0 |   0.0 |      22 |       0 |   0.0
        D:2 |      70 |      37 |  34.6 |      29 |      12 |  29.3
        D:3 |     133 |       0 |   0.0 |      28 |       0 |   0.0
        D:4 |     257 |       0 |   0.0 |      15 |       0 |   0.0
        D:5 |     561 |       0 |   0.0 |      15 |       0 |   0.0
        D:6 |     914 |     392 |  30.0 |      18 |       2 |  10.0
        D:7 |    2138 |     709 |  24.9 |      24 |       2 |   7.7
        D:8 |    1174 |     515 |  30.5 |      20 |       5 |  20.0
        D:9 |     448 |    1935 |  81.2 |       6 |       6 |  50.0
       D:10 |    1195 |     129 |   9.7 |      13 |       1 |   7.1
            +---------+---------+-------+---------+---------+-------
